 Dungeon Crawl Stone Soup version 0.30-a0-924-g0ad0bf95bc (webtiles) character file.

Game seed: 503162959828176005

4219 IdlyInterested the Basher (level 10, 0/73 HPs)
             Began as a Demonspawn Gladiator on Mar 22, 2023.
             Frozen to death by Cheivey's ghost (11 damage)
             ... on level 7 of the Dungeon.
             The game lasted 00:32:34 (8656 turns).

IdlyInterested the Basher (Demonspawn Gladiator)    Turns: 8656, Time: 00:32:34

Health: 0/73       AC: 21    Str: 19    XL:     10   Next: 9%
Magic:  10/10      EV: 13    Int:  9    God:
Gold:   518        SH:  6    Dex: 15    Spells: 9/9 levels left

rFire   . . .      SeeInvis .    a - +1 flail (protect)
rCold   + . .      Faith    .    (no shield)
rNeg    . . .      Spirit   .    u - +2 chain mail {rC+}
rPois   .          Reflect  .    c - +0 helmet
rElec   .          Rampage  .    g - +0 cloak
rCorr   .                        (no gloves)
Will    .....                    b - +0 pair of boots Stlth
                                 (no amulet)
HPRegen 0.32/turn                (no ring)
MPRegen 0.12/turn                (no ring)

@: mighty, agile, under a protective aura, hasted, very quick
A: claws 2, large bone plates 2, powered by pain 1
a: no special abilities


You were on level 7 of the Dungeon.
You visited 2 branches of the dungeon, and saw 8 of its levels.
You also visited: Sewer.

You collected 518 gold pieces.

Inventory:

Hand Weapons
 a - a +1 flail of protection (weapon)
 e - a +2 whip of freezing
 B - a +0 hand axe of flaming
 E - a +2 heavy mace
Missiles
 d - 2 throwing nets
 j - 79 stones (quivered)
 k - a javelin
 o - 37 poisoned darts
 y - 5 boomerangs
 J - a curare-tipped dart
Armour
 b - a +0 pair of boots (worn)
 c - a +0 helmet (worn)
 g - a +0 cloak (worn)
 s - a +0 troll leather armour {Pargi}
 t - a scarf of invisibility
 u - a +2 chain mail of cold resistance (worn)
 v - a +1 plate armour
 A - the +0 leather armour "Icuogrua" {Int+5}
   (You found it on level 5 of the Dungeon)

   Int:       It affects your intelligence (+5).
 G - an orb of light
Magical Staves
 m - a staff of fire
Wands
 x - a wand of flame (44)
 C - a wand of quicksilver (4)
Scrolls
 f - a scroll of poison
 i - 6 scrolls of identify
 l - 2 scrolls of enchant weapon
 q - 2 scrolls of brand weapon
 r - 7 scrolls of teleportation
 z - a scroll of vulnerability
 D - a scroll of fog
 I - a scroll of magic mapping {unknown}
Potions
 h - 2 potions of curing
 p - a potion of invisibility
 w - 2 potions of brilliance
 F - a potion of heal wounds
 H - a potion of attraction


   Skills:
 + Level 4.6 Fighting
 * Level 11.5 Maces & Flails
 - Level 2.0 Throwing
 - Level 4.0 Armour
 - Level 3.0 Dodging
 - Level 2.0 Stealth
 - Level 3.0 Unarmed Combat
 - Level 2.0 Evocations


You had 9 spell levels left.
You didn't know any spells.
Your spell library contained the following spells:

 Spells                   Type           Power      Damage    Failure   Level
 Iskenderun's Battlesphe  Conj           0%         2d6       100%        5
 Iron Shot                Conj/Erth      0%         9d1       100%        6
 Spellforged Servitor     Conj/Summ      0%         N/A       100%        7


Dungeon Overview and Level Annotations

Branches:
Dungeon (7/15)             Temple (1/1) D:5           Sewer (visited)

Altars:
Ashenzari
Cheibriados
Dithmenos
Fedhas
Gozag
Hepliaklqana
Kikubaaqudgha
Makhleb
Nemelex Xobeh
Qazlal
Ru
Sif Muna
Trog
Uskayaw
Vehumet
Wu Jian
Xom
Yredelemnul

Annotations:
D:7 Cheivey's ghost, novice GnRe


Innate Abilities, Weirdness & Mutations

You have very sharp fingernails.
You are mostly covered in large bone plates. (SH +6)
You sometimes gain a little power by taking damage.


Message History

You block the orc warrior's attack.
You barely miss the orc warrior.
The orc warrior is severely wounded.
You barely miss the orc warrior.
The orc warrior is severely wounded.
The orc warrior hits you with a +0 war axe.
You sock the orc warrior!
You kill the orc warrior!
You closely miss Cheivey's ghost. You closely miss Cheivey's ghost.
Cheivey's ghost freezes you.
You are frozen.
You resist.
* * * LOW HITPOINT WARNING * * *
Aiming: Quicksilver Bolt
Press: ? - help, Shift-Dir - straight line, f - orc priest
Aim: an orc priest, wielding a +0 flail and wearing a +0 leather armour (71% to hit)
The bolt of dispelling energy hits Cheivey's ghost.
Cheivey's ghost is lightly damaged.
The bolt of dispelling energy hits the orc warrior!
The orc warrior is heavily wounded.
The bolt of dispelling energy hits the orc!!
You kill the orc!
The bolt of dispelling energy hits the orc priest!
You kill the orc priest!
Aiming: Quicksilver Bolt
Press: ? - help, Shift-Dir - straight line, f - orc
Aim: an orc, wielding the +4 quarterstaff "Irum" {heavy, Int+4} and wearing the +2 ring mail of the Spheres {+Blink rPois rN+ Int-5} (75% to hit)
The bolt of dispelling energy misses Cheivey's ghost.
The bolt of dispelling energy hits the orc warrior!!
You kill the orc warrior!
The bolt of dispelling energy hits the orc!!
You kill the orc!
The orc priest invokes the aid of Beogh against Cheivey's ghost.
Beogh smites you!
* * * LOW HITPOINT WARNING * * *
You focus on the pain.
You feel agile all of a sudden. Cheivey's ghost freezes you.
You are frozen!
You resist.
You die...

#..####..#.# ######### ####.
.#.####..#.# #8....._[)...8#.
##.....#...# #.............#.
######.####### #.#8#..8..#8#.#.
####..........# #.###.....###.#.
<..#.##.#.###.####....#####....##
...#[#........#..#.............#.
........#........######'''######.
...#.##.#.###.#.@8.o..[........8.
...#.##.......###Wo))............
####.......).)# ###)..##.........
####.##.##.# #...######.#...
#.......# #...# #..... ####
####.#### ##.## #####.
...#######.# #.# #...
##.##......##### #.#########.#.
#.....####)....### #.........#.#.


You could see an orc priest, Cheivey's ghost and an orc.

Vanquished Creatures
  Pikel (D:7)
  Joseph (D:7)
  Prince Ribbit (D:7)
  A wyvern (D:7)
  A water moccasin (D:5)
  3 ice beasts
  3 black bears
  3 orc warriors
  Pargi (Sewer)
  An ogre (D:7)
  A phantom (D:5)
  A centaur (D:7)
  2 kobold brigands
  2 bullfrogs (D:7)
  A gnoll sergeant (D:6)
  5 scorpions
  6 wights
  4 howler monkeys
  2 hounds
  3 orc priests
  Crazy Yiuf (D:7)
  2 sleepcaps
  4 iguanas
  7 orc wizards
  A mummy (D:7)
  10 adders
  5 gnolls
  A shadow imp (D:6)
  A white imp (D:4)
  4 worms
  6 dart slugs
  29 orcs
  18 endoplasms
  4 giant cockroaches
  9 goblins
  7 hobgoblins
  6 jackals
  18 kobolds
  2 quokkas (D:3)
  6 ball pythons
  A bat (D:3)
  3 frilled lizards
  A kobold zombie (D:7)
  3 orc zombies (D:7)
  12 rats
204 creatures vanquished.

Notes
Turn   | Place    | Note
-------+----------+-------------------------------------------
     0 | D:1      | IdlyInterested the Demonspawn Gladiator began the quest for
                  | the Orb.
     0 | D:1      | Reached XP level 1. HP: 16/16 MP: 1/1
     1 | D:1      | Found a runed translucent door.
   202 | D:1      | Reached skill level 3 in Maces & Flails
   202 | D:1      | Gained mutation: You have sharp fingernails. [demonic
                  | ancestry]
   202 | D:1      | Reached XP level 2. HP: 14/22 MP: 2/2
   492 | D:1      | Gained mutation: You are partially covered in large bone
                  | plates. (SH +4) [demonic ancestry]
   492 | D:1      | Reached XP level 3. HP: 26/27 MP: 3/3
   844 | D:1      | Reached skill level 1 in Evocations
   901 | D:2      | Reached skill level 4 in Maces & Flails
  1077 | D:2      | Reached XP level 4. HP: 32/33 MP: 4/4
  1151 | D:2      | Reached skill level 1 in Stealth
  1790 | D:3      | Gained mutation: You are mostly covered in large bone
                  | plates. (SH +6) [demonic ancestry]
  1790 | D:3      | Reached XP level 5. HP: 19/38 MP: 5/5
  1897 | D:3      | Found a glowing drain.
  1906 | Sewer    | Entered a sewer
  1956 | Sewer    | Noticed Pargi
  1970 | Sewer    | Killed Pargi
  1971 | Sewer    | Reached skill level 5 in Maces & Flails
  1971 | Sewer    | Reached skill level 1 in Armour
  2202 | D:3      | Reached XP level 6. HP: 44/44 MP: 6/6
  3338 | D:4      | Reached skill level 6 in Maces & Flails
  3338 | D:4      | Reached skill level 1 in Unarmed Combat
  3349 | D:4      | Reached XP level 7. HP: 14/50 MP: 7/7
  3709 | D:4      | You fall into a shaft and drop 1 floor!
  3709 | D:5      | Entered Level 5 of the Dungeon
  4158 | D:4      | Reached skill level 7 in Maces & Flails
  4873 | D:5      | Reached XP level 8. HP: 56/58 MP: 8/8
  4887 | D:5      | Found a staircase to the Ecumenical Temple.
  4893 | Temple   | Entered the Ecumenical Temple
  5085 | D:5      | Identified the +0 leather armour "Icuogrua" {Int+5}
  5478 | D:6      | Reached skill level 8 in Maces & Flails
  5893 | D:6      | Reached skill level 9 in Maces & Flails
  5929 | D:6      | HP: 2/60 [iguana (7)]
  5934 | D:6      | HP: 2/60 [iguana (10)]
  6706 | D:7      | Gained mutation: You sometimes gain a little power by
                  | taking damage. [demonic ancestry]
  6706 | D:7      | Reached XP level 9. HP: 45/65 MP: 9/9
  6950 | D:7      | Noticed Pikel
  6985 | D:7      | Killed Pikel
  6986 | D:7      | Reached skill level 10 in Maces & Flails
  7136 | D:7      | Noticed Joseph
  7143 | D:7      | Found a runed translucent gate.
  7188 | D:7      | Killed Joseph
  7530 | D:7      | Reached skill level 11 in Maces & Flails
  7902 | D:7      | Found a runed translucent gate.
  7902 | D:7      | Noticed Cheivey's ghost (novice GnRe)
  7903 | D:7      | Found a runed translucent gate.
  7903 | D:7      | Identified the +4 quarterstaff "Irum" {heavy, Int+4}
  7903 | D:7      | Identified the +2 ring mail of the Spheres {+Blink rPois
                  | rN+ Int-5}
  8068 | D:7      | Gained mutation: You have very sharp fingernails. [demonic
                  | ancestry]
  8068 | D:7      | Reached XP level 10. HP: 39/72 MP: 10/10
  8106 | D:7      | Found a radiant altar of Vehumet.
  8174 | D:7      | Found a shimmering altar of Xom.
  8190 | D:7      | Found a bloodstained altar of Trog.
  8199 | D:7      | Found a broken altar of Ashenzari.
  8359 | D:7      | Found a runed translucent door.
  8360 | D:7      | Noticed Crazy Yiuf
  8365 | D:7      | Killed Crazy Yiuf
  8433 | D:7      | Noticed Prince Ribbit
  8462 | D:7      | Killed Prince Ribbit
  8656 | D:7      | Frozen to death by Cheivey's ghost

Illustrated notes

Levels and vault maps discovered:
D:1:      dpeg_arrival_caged_fury, layout_basic, minmay_small_reverse_x
D:2:      layout_loops_ring
D:3:      layout_rooms, portal_sewer_entry_d, interstate_on_off,
          minmay_diced_spiral
D:4:      kennysheep_big_flooded_room, layout_basic,
          hangedman_decor_diamond_cutter
D:5:      layout_basic, minmay_temple_entry_tees
D:6:      layout_basic, minmay_bent
D:7:      layout_loops_cross, nicolae_overflow_hallway_of_the_gods,
          biasface_ghost_orc_armoury, minmay_mini_ossuary,
          uniq_crazy_yiuf_cottage, uniq_joseph, uniq_prince_ribbit1, uniq_pikel
Temple:   nicolae_temple_slightly_damp_pantheon

Skill      XL: |  1  2  3  4  5  6  7  8  9 |
---------------+----------------------------+-----
Maces & Flails | 3 4 5 6 7 9 11 | 11.5
Throwing       | 2 |  2.0
Evocations     | 1 2 |  2.0
Stealth        | 1 2 |  2.0
Dodging        | 3 |  3.0
Armour         | 1 2 3 4 |  4.0
Unarmed Combat | 1 2 3 |  3.0
Fighting       | 3 4 |  4.6

Action                     |  1- 3 |  4- 6 |  7- 9 | 10-12 || total
---------------------------+-------+-------+-------+-------++-------
  Melee: Flail             |   120 |   246 |   472 |    51 ||   889
         Punch             |     1 |     1 |    16 |       ||    18
  Throw: Stone             |     6 |       |    10 |       ||    16
         Throwing net      |     1 |       |       |       ||     1
         Dart              |       |     3 |     6 |     9 ||    18
         Javelin           |       |       |     2 |       ||     2
  Evoke: Wand              |       |       |     5 |     2 ||     7
    Use: Potion            |     1 |     1 |     9 |     1 ||    12
         Scroll            |     5 |     9 |     5 |       ||    19
   Stab: Held in net/web   |     1 |       |       |       ||     1
 Armour: Leather armour    |    11 |       |       |       ||    11
         Scale mail        |    30 |    55 |       |       ||    85
         Skin              |     3 |       |       |       ||     3
         Plate armour      |       |    67 |       |       ||    67
         Chain mail        |       |    32 |   272 |    16 ||   320
  Dodge: Dodged            |    54 |    77 |   159 |     5 ||   295
  Block: Other             |     9 |    47 |   126 |     6 ||   188

Table legend: (Time is in decaauts)
 A = Elapsed time spent in this place.
 B = Non-inter-level travel time spent in this place.
 C = Inter-level travel time spent in this place.
 D = Time resting spent in this place.
 E = Time spent auto-exploring this place.
 F = Levels seen in this place.
 G = Mean time per level.
                   A        B        C        D        E       F      G
               +--------+--------+--------+--------+--------+-----+--------+
         Total |   8716 |   7803 |    913 |   1325 |   4093 |   9 |  968.4 |
       Dungeon |   8375 |   7484 |    891 |   1325 |   3909 |   7 | 1196.4 |
        Temple |    187 |    165 |     22 |      0 |    148 |   1 |  187.0 |
         Sewer |    152 |    152 |      0 |      0 |     36 |   1 |  152.0 |
               +--------+--------+--------+--------+--------+-----+--------+

Top non-repeatable levels by time:
     D:7: 1807 daAuts
     D:4: 1591 daAuts
     D:6: 1309 daAuts
     D:5: 1042 daAuts
     D:1: 1027 daAuts
     D:3: 863 daAuts
     D:2: 733 daAuts
  Temple: 187 daAuts
   Sewer: 152 daAuts
